 Dungeon Crawl Stone Soup version 0.32-a0-732-ga344392067 (webtiles) character file.

Game seed: 8281118894132642350

4 runemasterragnar the Grasshopper (level 1, 0/16 HPs)
             Began as a Coglin Warper on Mar 17, 2024.
             Slain by a jackal (3 damage)
             ... on level 1 of the Dungeon.
             The game lasted 00:00:18 (95 turns).

runemasterragnar the Grasshopper (Coglin Warper)      Turns: 95, Time: 00:00:19

Health: 0/16       AC:  3    Str: 11    XL:     1   Next: 60%
Magic:  3/3        EV: 10    Int: 12    God:
Gold:   0          SH:  0    Dex: 13    Spells: 3/3 levels left

rFire   . . .        a - +0 spear {Francisco}
rCold   . . .        e - +0 dagger {Urai}
rNeg    . . .        b - +0 leather armour
rPois   .            (no helmet)
rElec   .            (no cloak)
rCorr   .            (no gloves)
SInv    .            (no boots)
Will    .....        (amulet unavailable)
Stlth   +            (ring unavailable)
HPRegen 0.22/turn    (ring unavailable)
MPRegen 0.08/turn    (no gizmo)

%: no passive effects
@: revved
A: off-hand wielding, slow wielding, warmup strikes, no jewellery
a: Invent Gizmo


You were on level 1 of the Dungeon.
You visited 1 branch of the dungeon, and saw 1 of its levels.

Inventory:

Hand Weapons
 a - a +0 spear (weapon) {Francisco}
 e - a +0 dagger (offhand) {Urai}
Missiles
 d - 7 darts of dispersal (quivered)
Armour
 b - a +0 leather armour (worn)
Scrolls
 c - a scroll of blinking


   Skills:
 + Level 2.0 Fighting
 + Level 1.8 Polearms
 + Level 1.0 Throwing
 + Level 1.0 Armour
 - Level 1.7 Dodging
 + Level 1.8 Spellcasting
 + Level 3.0 Translocations


You had 3 spell levels left.
You didn't know any spells.
Your spell library contained the following spells:

 Spells                   Type           Power      Damage    Failure   Level
 Blink                    Tloc           16%        N/A       16%         2
 Lesser Beckoning         Tloc           16%        N/A       16%         2
 Teleport Other           Tloc           8%         N/A       30%         3
 Manifold Assault         Tloc           8%         N/A       71%         4
 Vhi's Electric Charge    Tloc/Air       8%         N/A       89%         4


Dungeon Overview and Level Annotations

Branches:
Dungeon (1/15)

Altars:


Innate Abilities, Weirdness & Mutations

You can wield a second weapon in your off-hand.
It takes a long time for you to wield or remove held weapons.
Your first few attacks do less damage.
You cannot equip rings or amulets.


Message History

You closely miss the jackal with your +0 spear.
The jackal is lightly wounded.
You hit the jackal with your +0 dagger.
The jackal bites you but does no damage.
The jackal bites you.
You hit the jackal with your +0 dagger.
The jackal is severely wounded.
You hit the jackal but do no damage. The jackal bites you.
The jackal bites you but does no damage.
There are monsters nearby!
You are too injured to fight recklessly!
You are too injured to fight recklessly!
There are monsters nearby!
You are too injured to fight recklessly!
There are monsters nearby!
You are too injured to fight recklessly!
The jackal attacks as it pursues you!
The jackal bites you but does no damage.
The jackal closely misses you.
You closely miss the jackal with your +0 spear.
The jackal is moderately wounded.
You barely miss the jackal with your +0 dagger.
The jackal bites you. The jackal closely misses you. The jackal bites you. x2
You closely miss the jackal with your +0 spear.
You barely miss the jackal with your +0 dagger.
The jackal bites you.
* * * LOW HITPOINT WARNING * * *
The jackal barely misses you.
You hit the jackal with your +0 dagger.
The jackal is lightly wounded.
You hit the jackal with your +0 spear.
The jackal bites you but does no damage. x2
You hit the jackal with your +0 spear.
You kill the jackal!
The jackal closely misses you. The jackal bites you.
* * * LOW HITPOINT WARNING * * *
Your Throwing skill increases to level 1!
Your Armour skill increases to level 1!
The jackal attacks as it pursues you! The jackal bites you.
You die...

####§≈...≈§#...###.#
#....≈.<.≈...### #.#
#.##≈≈...≈§### #.#
#≈≈.≈.≈≈# #.#
#≈.≈≈≈.≈# #.#
##+###+## #####.#
#.... ?..#.#
......##.#.#
#...@h..# #..##.###
.... ...# ......####
.####


You could see a jackal.

Vanquished Creatures
  A giant cockroach (D:1)
  2 jackals (D:1)
3 creatures vanquished.

Notes
Turn   | Place    | Note
-------+----------+-------------------------------------------
     0 | D:1      | runemasterragnar the Coglin Warper began the quest for the
                  | Orb.
     0 | D:1      | Reached XP level 1. HP: 16/16 MP: 3/3
    94 | D:1      | Reached skill level 1 in Throwing
    94 | D:1      | Reached skill level 1 in Armour
    95 | D:1      | Slain by a jackal

Illustrated notes

Levels and vault maps discovered:
D:1:      ncdulo_lavacross, layout_loops_corners, basic_ecumenical_altar,
          chequers_serial_rivers_small_a, hangedman_decor_points

Skill      XL: |  1 |
---------------+----+-----
Throwing       | 1 |  1.0
Armour         | 1 |  1.0
Fighting       | |  2.0
Polearms       | |  1.8
Dodging        | |  1.7
Spellcasting   | |  1.8
Translocations | |  3.0

Action                     || total
---------------------------++-------
  Melee: Spear             ||    18
         Dagger            ||    13
   Stab: Distracted        ||     1
 Armour: Leather armour    ||    21
  Dodge: Dodged            ||     9

Table legend: (Time is in decaauts)
 A = Elapsed time spent in this place.
 B = Non-inter-level travel time spent in this place.
 C = Inter-level travel time spent in this place.
 D = Time resting spent in this place.
 E = Time spent auto-exploring this place.
 F = Levels seen in this place.
 G = Mean time per level.
                   A        B        C        D        E       F      G
               +--------+--------+--------+--------+--------+-----+--------+
         Total |     95 |     95 |      0 |      0 |     64 |   1 |   95.0 |
       Dungeon |     95 |     95 |      0 |      0 |     64 |   1 |   95.0 |
               +--------+--------+--------+--------+--------+-----+--------+

Top non-repeatable levels by time:
     D:1: 95 daAuts
